 Dungeon Crawl Stone Soup version 0.20.0-15-g7f486f2 (webtiles) character file.

777 Extreminator the Jinx (level 7, 0/32 HPs)
             Began as a Spriggan Enchanter on June 11, 2017.
             Killed by divine providence
             ... invoked by an orc priest
              (10 damage)
             ... on level 5 of the Dungeon.
             The game lasted 00:41:29 (6768 turns).

Extreminator the Jinx (Spriggan Enchanter)          Turns: 6768, Time: 00:41:29

Health: 0/32       AC:  2    Str:  4    XL:     7   Next: 54%
Magic:  2/12       EV: 19    Int: 18    God:
Gold:   204        SH:  0    Dex: 17    Spells: 6/12 levels left

rFire    + . .     SeeInvis +   a - +1 dagger
rCold    . . .     Gourm    .   (shield restricted)
rNeg     . . .     Faith    .   b - +0 robe
rPois    .         Spirit   .   (helmet restricted)
rElec    .         Reflect  .   (no cloak)
rCorr    .         Harm     .   (gloves unavailable)
MR       +....                  (boots unavailable)
Stlth    +++.......             (no amulet)
Regen    0.1/turn               t - ring of protection from fire
MPRegen  0.2/turn               (no ring)

@: very slightly contaminated, very quick
A: unfitting armour, see invisible, herbivore 3, speed 3, slow metabolism 2
a: no special abilities


You were on level 5 of the Dungeon.
You were not hungry.

You visited 1 branch of the dungeon, and saw 5 of its levels.

You collected 276 gold pieces.
You spent 72 gold pieces at shops.

Inventory:

Hand Weapons
 a - a +1 dagger (weapon)
 y - a +2 hunting sling of freezing
Missiles
 z - 44 stones (quivered)
Armour
 b - a +0 robe (worn)
 q - a +0 robe
Jewellery
 t - a ring of protection from fire (left hand)
Wands
 s - a wand of flame (29/48)
 v - a wand of confusion (31/48)
 x - a wand of enslavement (9/24)
Scrolls
 f - 2 scrolls of amnesia
 j - 2 scrolls of remove curse
 l - a scroll of fog
 o - a scroll of recharging {unknown}
 p - a scroll of enchant armour {unknown}
 r - 4 scrolls of identify
 u - a scroll of enchant weapon {unknown}
 w - 2 scrolls of blinking {unknown}
Potions
 d - 4 potions of curing
 e - a potion of degeneration {unknown}
 g - a potion of lignification {unknown}
 h - 2 potions of might {unknown}
 i - a potion of ambrosia {unknown}
 m - 2 potions of heal wounds {unknown}
Books
 c - a book of Maledictions

   Spells                             Type                      Level
   a - Corona                         Hexes                        1
   b - Ensorcelled Hibernation        Hexes/Ice                    2
   c - Confuse                        Hexes                        3
   d - Tukima's Dance                 Hexes                        3
   e - Dazzling Spray                 Conjuration/Hexes            3
Comestibles
 k - 4 bread rations
 n - 2 royal jellies


   Skills:
 - Level 3.0 Short Blades
 - Level 4.0 Dodging
 - Level 6.2 Stealth
 + Level 3.0 Spellcasting
 - Level 9.3 Hexes


You had 6 spell levels left.
You knew the following spells:

 Your Spells              Type           Power        Failure   Level  Hunger
a - Corona                Hex            #####..      1%          1    None
b - Ensorcelled Hibernat  Hex/Ice        ###...       3%          2    ##.....
c - Dazzling Spray        Conj/Hex       ###...       7%          3    ###....


Dungeon Overview and Level Annotations

Branches:
Dungeon (5/15)             Temple (0/1) D:5

Altars:
Nemelex Xobeh
Ru

Shops:
D:4 !

Annotations:
D:5 Menkaure


Innate Abilities, Weirdness & Mutations

You are very small and have problems with some larger weapons.
You are too small for most types of armour.
You have supernaturally acute eyesight. (SInv)
You are a herbivore.
You cover ground extremely quickly.
You need consume almost no food.


Message History

The orc priest shouts!
You hear a shout!
Casting: Dazzling Spray
Confirm with . or Enter, or press ? or * to list all spells.
Aiming: Ensorcelled Hibernation
Press: ? - help, Shift-Dir - straight line, f - orc priest
Aim: an orc priest, wielding a club and wearing a runed chain mail (chance to defeat MR: 50%)
The orc priest resists with almost no effort.
The orc priest invokes the aid of Beogh against you.
You resist with significant effort.
Casting: Ensorcelled Hibernation
Confirm with . or Enter, or press ? or * to list all spells.
Aiming: Ensorcelled Hibernation
Press: ? - help, Shift-Dir - straight line, f/p - orc priest
Aim: an orc priest, wielding a club and wearing a runed chain mail (chance to defeat MR: 50%)
You miscast Ensorcelled Hibernation.
You are very lightly contaminated with residual magic.
Your hands glow momentarily.
The orc priest mumbles some strange prayers to Beogh against you.
Beogh smites you!
You die...

.#...# .....# ##...# .. .#
##.###.# .. .# #.# .#####.# .#
###.###....... .#
.......#....######.# ####
.##.##.......#.....#...... ##
.##..........o..@........ (<#
.####..........##.##.#..##..#.
.####._..⌠.._..##.##.#.......M
..............###.##.....>..#
######.......## #.##........#
#...)[).# #.##.#...#..#
###....## #.....$.....# ######
##...# ####..##.#.## .....#
#...# #.....M..#.#


You could see an orc priest.

Vanquished Creatures
  Sigmund (D:5)
  Eustachio (D:5)
  A sky beast (D:5)
  An ogre (D:4)
  A crimson imp (D:5)
  A hound (D:5)
  2 orc wizards
  A worker ant (D:4)
  6 adders
  An ooze (D:1)
  2 worms (D:2)
  2 dart slugs
  3 leopard geckos
  8 orcs
  10 bats
  4 giant cockroaches
  11 goblins
  9 hobgoblins
  2 jackals (D:1)
  2 quokkas
  4 frilled lizards
  7 kobolds
  9 rats
89 creatures vanquished.

Notes
Turn   | Place    | Note
-------+----------+-------------------------------------------
     0 | D:1      | Extreminator the Spriggan Enchanter began the quest for the Orb.
     0 | D:1      | Reached XP level 1. HP: 9/9 MP: 5/5
   417 | D:1      | Reached XP level 2. HP: 13/13 MP: 6/6
   421 | D:1      | Learned a level 2 spell: Ensorcelled Hibernation
   437 | D:1      | Reached skill level 4 in Hexes
   969 | D:1      | Reached skill level 5 in Stealth
  1924 | D:1      | Reached XP level 3. HP: 6/16 MP: 0/8
  2256 | D:1      | Learned a level 3 spell: Dazzling Spray
  3292 | D:2      | Reached XP level 4. HP: 21/21 MP: 0/9
  3518 | D:2      | Found a sacrificial altar of Ru.
  4719 | D:3      | Reached skill level 5 in Hexes
  4719 | D:3      | Reached XP level 5. HP: 24/24 MP: 7/10
  5252 | D:4      | Noticed an ogre
  5322 | D:4      | Killed an ogre
  5322 | D:4      | Reached skill level 6 in Hexes
  5345 | D:4      | Found Memus's Distillery.
  5420 | D:4      | Bought a potion of curing for 36 gold pieces
  5420 | D:4      | Bought a potion of curing for 36 gold pieces
  5515 | D:4      | Reached XP level 6. HP: 28/28 MP: 8/11
  6073 | D:5      | Entered Level 5 of the Dungeon
  6073 | D:5      | Noticed Eustachio
  6077 | D:5      | Killed Eustachio
  6077 | D:5      | Reached skill level 7 in Hexes
  6090 | D:5      | Noticed Sigmund
  6097 | D:5      | Killed Sigmund
  6097 | D:5      | Reached skill level 8 in Hexes
  6097 | D:5      | Reached XP level 7. HP: 32/32 MP: 8/12
  6222 | D:5      | Reached skill level 9 in Hexes
  6311 | D:5      | Found a sacrificial altar of Ru.
  6311 | D:5      | Found a sparkling altar of Nemelex Xobeh.
  6650 | D:5      | Found a staircase to the Ecumenical Temple.
  6732 | D:5      | Noticed Menkaure
  6768 | D:5      | Killed from afar by an orc priest

Skill      XL: |  1  2  3  4  5  6  7 |
---------------+----------------------+-----
Spellcasting   | 3 |  3.0
Hexes          | 4 5 6 8 9 |  9.3
Stealth        | 5 6 |  6.2
Short Blades   | 2 3 |  3.0
Dodging        | 4 |  4.0

Action                   |  1- 3 |  4- 6 |  7- 9 || total
-------------------------+-------+-------+-------++-------
Melee: Dagger            |   104 |    58 |    12 ||   174
 Fire: Hunting sling     |       |       |     3 ||     3
 Cast: Corona            |    22 |     1 |     1 ||    24
       Ensorcelled Hiber |    49 |    32 |     9 ||    90
       Dazzling Spray    |     3 |    11 |     8 ||    22
Evoke: Wand              |       |       |     2 ||     2
  Use: Scroll            |       |     8 |     1 ||     9
 Stab: Sleeping          |    28 |    33 |     5 ||    66
       Distracted        |       |     1 |       ||     1
       Invisible         |       |     1 |       ||     1
       Confused          |       |       |     1 ||     1
  Eat: Bread ration      |     1 |     1 |       ||     2
Armor: Robe              |     6 |     2 |       ||     8
Dodge: Dodged            |    64 |    42 |     7 ||   113
